 Dungeon Crawl Stone Soup version 0.29-a0-72-g1732ff48e7 (webtiles) character file.

Game seed: 14718638495595205719

2104 grumblor the Covered (level 9, -5/46 HPs)
             Began as a Vine Stalker Fighter on Feb 3, 2022.
             Was a Believer of Sif Muna.
             Killed from afar by a steam dragon (12 damage)
             ... with a ball of steam
             ... on level 6 of the Dungeon.
             The game lasted 00:12:17 (6403 turns).

grumblor the Covered (Vine Stalker Fighter)         Turns: 6403, Time: 00:12:19

Health: -5/46      AC: 15    Str: 24    XL:     9   Next: 28%
Magic:  0/12       EV:  7    Int:  8    God:    Sif Muna [**....]
Gold:   316        SH:  5    Dex: 13    Spells: 8/8 levels left

rFire   . . .      SeeInvis .   a - +1 war axe
rCold   . . .      Faith    .   c - +0 buckler
rNeg    . . .      Spirit   +   l - +0 plate armour
rPois   +          Reflect  .   m - +0 helmet
rElec   .          Harm     .   t - +0 cloak {rCorr}
rCorr   +          Rampage  .   (no gloves)
Will    +....                   (no boots)
Stlth   ..........              (no amulet)
HPRegen 0.95/turn               (no ring)
MPRegen 0.13/turn               (no ring)

@: no status effects
A: fangs 3, regeneration 1, magic shield, antimagic bite, no potion heal 2,
poison resistance, MP-powered wands
a: Renounce Religion, Channel Magic


You were on level 6 of the Dungeon.
You worshipped Sif Muna.
Sif Muna was pleased with you.
You visited 1 branch of the dungeon, and saw 6 of its levels.
You also visited: Sewer.

You collected 316 gold pieces.

Inventory:

Hand Weapons
 a - a +1 war axe (weapon)
Missiles
 o - 18 poisoned darts (quivered)
 p - 3 curare-tipped darts
 q - 3 boomerangs
Armour
 c - a +0 buckler (worn)
 l - a +0 plate armour (worn)
 m - a +0 helmet (worn)
 t - a +0 cloak of preservation (worn)
Wands
 h - a wand of acid (7)
 s - a wand of flame (10)
Scrolls
 f - 4 scrolls of blinking
 n - a scroll of fog
 u - a scroll of fear
Potions
 b - a potion of attraction {unknown}
 d - a potion of might
 e - a potion of mutation
 g - a potion of heal wounds {unknown}
 i - a potion of curing {unknown}
 j - a potion of resistance {unknown}
 k - a potion of brilliance {unknown}
 r - a potion of haste {unknown}


   Skills:
 * Level 4.4 Fighting
 + Level 5.4 Axes
 - Level 2.0 Throwing
 * Level 5.6 Armour
 * Level 3.3 Dodging
 + Level 3.5 Shields
 * Level 3.4 Invocations
 * Level 2.9 Evocations


You had 8 spell levels left.
You didn't know any spells.
Your spell library contained the following spells:

 Spells                   Type           Power      Damage    Failure   Level
 Sandblast                Erth           0%         2d4       100%        1
 Passwall                 Tmut/Erth      0%         N/A       100%        2
 Static Discharge         Conj/Air       0%         N/A       100%        2
 Stone Arrow              Conj/Erth      0%         3d7       100%        3
 Petrify                  Tmut/Erth      0%         N/A       100%        4
 Lightning Bolt           Conj/Air       0%         1d11      100%        5
 Metabolic Englaciation   Hex/Ice        0%         N/A       100%        5
 Statue Form              Tmut/Erth      0%         N/A       100%        6
 Maxwell's Capacitive Co  Air            0%         ∞         100%        8


Dungeon Overview and Level Annotations

Branches:
Dungeon (6/15)             Temple (0/1) D:4           Sewer (visited)

Altars:
Gozag
Sif Muna
Zin

Shops:
D:2 **   D:5 !


Innate Abilities, Weirdness & Mutations

You have razor-sharp teeth.
Your natural rate of healing is unusually fast.
When hurt, damage is shared between your health and your magic reserves.
Your bite disrupts and absorbs the magic of your enemies.
Potions cannot restore your health.
Your system is resistant to poisons. (rPois)
You expend magic power (3 MP) to strengthen your wands.


Message History

The ball of steam hits you!
* * * LOW HITPOINT WARNING * * *
The ufetubus hits you but does no damage. x2
Things that are here:
a +0 dagger; a +0 robe; an orc corpse The ufetubus barely misses you.
The ufetubus hits you but does no damage.
Things that are here:
a +0 mace; a +0 dagger The steam dragon breathes steam at you.
The ball of steam hits the ufetubus!
The ufetubus dies!
The ball of steam hits you.
* * * LOW HITPOINT WARNING * * *
You are engulfed in a cloud of scalding steam.
* * * LOW HITPOINT WARNING * * *
Really stalk into that cloud of steam? [Y]es or [N]o only, please.
Really stalk into that cloud of steam? [Y]es or [N]o only, please.
Really stalk into that cloud of steam?
Okay, then.
Okay, then.
Okay, then.
Okay, then.
Okay, then.
Okay, then.
Aiming: Corrosive Bolt
Press: ? - help, Shift-Dir - straight line, f/p - steam dragon
Aim: a steam dragon (lightly wounded, 74% to hit)
The bolt of acid hits the steam dragon!
The acid corrodes the steam dragon!
The steam dragon is severely wounded.
Unknown command.
Aiming: Corrosive Bolt
Press: ? - help, Shift-Dir - straight line, f/p - steam dragon
Aim: a steam dragon (severely wounded, covered in acid, 74% to hit)
The bolt of acid misses the steam dragon.
The steam dragon breathes steam at you. The ball of steam hits you!
You die...

.......##.....###.##
...##..#..######..#
..## #>#.## #.## #.#
#.#.# #.# #.# #...#
#.# #.# ##†.# #.#
#.### #..# #.#
#...###.## #(#
#)......# #@#
#.....#.# ##§#
#.....#..# #.D#
#.....##.# #.##
#.....# .# #)#
#.....# .# ##)#
......# .# #..#
.....###.# ##.## .#
#. #§.#


You could see a steam dragon (catching breath, corroded).

Vanquished Creatures
  Pikel (D:5)
  Sigmund (D:4)
  A sky beast (D:3)
  2 ogres
  4 lemures (D:5)
  6 kobold brigands (Sewer)
  4 scorpions
  A hound (D:5)
  A jelly (D:4)
  2 centaur skeletons (D:5)
  2 iguanas
  2 orc wizards
  The ghost of Cecur the Grasshopper, a weakling SpWr (D:4)
  8 gnolls
  13 adders
  5 river rats (Sewer)
  An ufetubus (D:4)
  4 worms
  2 dart slugs
  5 orcs
  8 endoplasms
  6 giant cockroaches
  10 goblins
  11 hobgoblins
  4 jackals
  5 quokkas
  11 ball pythons
  4 bats
  3 frilled lizards
  9 kobolds
  8 rats
145 creatures vanquished.

Vanquished Creatures (others)
  An ufetubus (D:6)
1 creature vanquished.

Grand Total: 146 creatures vanquished

Notes
Turn   | Place    | Note
-------+----------+-------------------------------------------
     0 | D:1      | grumblor the Vine Stalker Fighter began the quest for the
                  | Orb.
     0 | D:1      | Reached XP level 1. HP: 11/11 MP: 2/2
   499 | D:1      | Reached XP level 2. HP: 14/16 MP: 1/3
  1180 | D:1      | Reached XP level 3. HP: 20/20 MP: 2/4
  1200 | D:1      | Found a faded altar of an unknown god.
  1393 | D:2      | Found Vicuru's Assorted Antiques.
  1459 | D:2      | Found Ruby's General Store.
  1564 | D:2      | Gained mutation: Your natural rate of healing is unusually
                  | fast. [Vine Stalker growth]
  1564 | D:2      | Reached XP level 4. HP: 19/24 MP: 3/5
  1565 | D:2      | Reached skill level 1 in Dodging
  2045 | D:2      | You fall into a shaft and drop 1 floor!
  2192 | D:3      | Found a glowing silver altar of Zin.
  2250 | D:3      | Reached XP level 5. HP: 28/28 MP: 6/6
  2257 | D:3      | Found a shimmering blue altar of Sif Muna.
  2261 | D:3      | Became a worshipper of Sif Muna the Loreminder
  2378 | D:3      | Noticed a sky beast
  2409 | D:3      | Killed a sky beast
  2410 | D:3      | Reached skill level 1 in Invocations
  2410 | D:3      | Reached XP level 6. HP: 19/32 MP: 3/7
  2522 | D:3      | Reached skill level 1 in Evocations
  2524 | D:3      | Found a glowing drain.
  2555 | Sewer    | Entered a sewer
  2664 | Sewer    | Gained mutation: You are frail. (-10% HP) [potion of
                  | mutation]
  2664 | Sewer    | Gained mutation: Your system is resistant to poisons.
                  | (rPois) [potion of mutation]
  2664 | Sewer    | Gained mutation: You expend magic power (3 MP) to
                  | strengthen your wands. [potion of mutation]
  2664 | Sewer    | Lost mutation: You are frail. (-10% HP) [potion of
                  | mutation]
  2988 | Sewer    | Reached XP level 7. HP: 30/36 MP: 5/9
  3141 | Sewer    | Reached * piety under Sif Muna
  4018 | D:4      | Gained mutation: You have razor-sharp teeth. [Vine Stalker
                  | growth]
  4018 | D:4      | Reached XP level 8. HP: 37/42 MP: 10/10
  4040 | D:4      | Noticed Sigmund
  4368 | D:4      | Found a staircase to the Ecumenical Temple.
  4427 | D:4      | Found a runed translucent gate.
  4428 | D:4      | Found a runed translucent gate.
  4428 | D:4      | Found a runed translucent gate.
  4428 | D:4      | Found an opulent altar of Gozag.
  4429 | D:4      | Noticed Cecur's ghost (weakling SpWr)
  4446 | D:4      | Killed Cecur's ghost
  4447 | D:4      | Reached skill level 1 in Throwing
  4619 | D:4      | Killed Sigmund
  4798 | D:4      | Reached ** piety under Sif Muna
  4901 | D:4      | Reached skill level 5 in Armour
  5127 | D:5      | Entered Level 5 of the Dungeon
  5151 | D:5      | Found Qeiddo Xite's Distillery.
  5229 | D:5      | Noticed Pikel
  5243 | D:5      | Killed Pikel
  5244 | D:5      | Reached skill level 5 in Axes
  5244 | D:5      | Reached XP level 9. HP: 34/45 MP: 10/12
  5644 | D:5      | HP: 2/46 [hobgoblin (3)]
  6389 | D:6      | HP: 1/46 [steam dragon/ball of steam (11)]
  6398 | D:6      | HP: 1/46 [something] (3)]
  6403 | D:6      | Killed from afar by a steam dragon

Illustrated notes

Levels and vault maps discovered:
D:1:      amcnicky_arrival_flooded_fountain, layout_loops_ring,
          ebering_ecumenical_altar_sacrificial
D:2:      layout_basic, serial_forest, infiniplex_forest_end_double,
          infiniplex_forest_straight_2, infiniplex_forest_lined_2,
          infiniplex_forest_lined_ring, infiniplex_forest_lined_room_2,
          infiniplex_forest_pool, infiniplex_forest_lined_corner, serial_shops,
          shop, shop
D:3:      layout_loops_corners, general_overflow_altar, marbit_many_paths,
          gup_sewer_entry_bubbles, chequers_serial_rivers_small_a,
          kennysheep_minor_cross
D:4:      layout_cave_pools, minmay_temple_entry_overgrown, ebering_ghost_gozag,
          minmay_starry_boxes, uniq_sigmund
D:5:      layout_cave_pods, serial_shops, nicolae_diamond_shop, sigmund_army,
          uniq_pikel
D:6:      corexii_shack_village, layout_rooms

Skill      XL: |  1  2  3  4  5  6  7  8 |
---------------+-------------------------+-----
Fighting       | 3 4 |  4.4
Axes           | 2 3 4 5 |  5.4
Armour         | 3 4 5 |  5.6
Dodging        | 1 2 3 |  3.3
Shields        | 3 |  3.5
Invocations    | 1 2 3 |  3.4
Evocations     | 1 2 |  2.9
Throwing       | 2 |  2.0

Action                   |  1- 3 |  4- 6 |  7- 9 || total
-------------------------+-------+-------+-------++-------
Melee: War axe           |    71 |   169 |   254 ||   494
       Bite              |    14 |    30 |    43 ||    87
Throw: Dart              |       |       |    16 ||    16
       Throwing net      |       |       |     1 ||     1
Evoke: Wand              |       |       |     2 ||     2
  Use: Scroll            |     3 |     2 |     5 ||    10
       Potion            |       |     1 |       ||     1
Armor: Scale mail        |    34 |       |       ||    34
       Plate armour      |     7 |   141 |   187 ||   335
Dodge: Dodged            |    30 |    53 |    92 ||   175
Block: Buckler           |    17 |    37 |    54 ||   108

Table legend: (Time is in decaauts)
 A = Elapsed time spent in this place.
 B = Non-inter-level travel time spent in this place.
 C = Inter-level travel time spent in this place.
 D = Time resting spent in this place.
 E = Time spent auto-exploring this place.
 F = Levels seen in this place.
 G = Mean time per level.
                   A        B        C        D        E       F      G
               +--------+--------+--------+--------+--------+-----+--------+
         Total |   6787 |   6528 |    259 |    999 |   3987 |   7 |  969.6 |
       Dungeon |   5688 |   5429 |    259 |    791 |   3440 |   6 |  948.0 |
         Sewer |   1098 |   1098 |      0 |    208 |    546 |   1 | 1098.0 |
               +--------+--------+--------+--------+--------+-----+--------+

Top non-repeatable levels by time:
     D:1: 1388 daAuts
     D:3: 1333 daAuts
   Sewer: 1098 daAuts
     D:4: 1010 daAuts
     D:2: 949 daAuts
     D:5: 837 daAuts
     D:6: 169 daAuts
